 Dungeon Crawl Stone Soup version 0.27.1-34-g3ba077fa99 (webtiles) character file.

Game seed: 16526328444630430805

4834 Fek the Basher (level 10, -2/63 HPs)
             Began as a Gargoyle Berserker on Jan 17, 2022.
             Was an Elder of Trog.
             Slain by a boulder beetle (13 damage)
             ... on level 11 of the Dungeon.
             The game lasted 00:23:22 (10543 turns).

Fek the Basher (Gargoyle Berserker)                Turns: 10543, Time: 00:23:23

Health: -2/63      AC: 25    Str: 23    XL:     10   Next: 49%
Magic:  0/10       EV: 12    Int:  9    God:    Trog [****..]
Gold:   490        SH:  0    Dex:  9    Spells: 9/9 levels left

rFire    . . .     SeeInvis .   n - +1 mace (protect)
rCold    + . .     Faith    .   (no shield)
rNeg     + . .     Spirit   +   c - +1 ring mail
rPois    ∞         Reflect  .   z - +2 helmet
rElec    +         Harm     .   (no cloak)
rCorr    .         Rampage  .   (no gloves)
Will     ++...                  (no boots)
Stlth    ++........             h - amulet of guardian spirit
HPRegen  1.20/turn              w - ring of protection from cold
MPRegen  0.12/turn              (no ring)

@: strong-willed, under a protective aura, on berserk cooldown, regenerating,
slowed, very slow
A: sickness immunity, AC +7, negative energy resistance 1, electricity
resistance, torment resistance 1, petrification resistance
a: Renounce Religion, Berserk, Trog's Hand, Brothers in Arms


You were on level 11 of the Dungeon.
You worshipped Trog.
Trog was greatly pleased with you.
You visited 2 branches of the dungeon, and saw 11 of its levels.
You also visited: Ossuary.

You collected 490 gold pieces.

Inventory:

Hand Weapons
 a - a +0 mace
 n - a +1 mace of protection (weapon)
 Q - the +3 rapier of Cheese {flame, *Noise Dex+6}
   (You found it on level 11 of the Dungeon)

   It burns those it strikes, dealing additional fire damage.
   Dex:       It affects your dexterity (+6).
   *Noise:    It may make noises in combat.
Armour
 b - a +0 animal skin
 c - a +1 ring mail (worn)
 z - a +2 helmet (worn)
 G - the +2 buckler "Wushelos" {rElec Will++ Str-3 Dex+2}
   (You found it on level 7 of the Dungeon)

   Str:       It affects your strength (-3).
   Dex:       It affects your dexterity (+2).
   rElec:     It insulates you from electricity.
   Will:      It greatly increases your willpower.
Jewellery
 h - an amulet of guardian spirit (around neck)
 i - a ring of magical power
 w - a ring of protection from cold (left hand)
 E - a ring of protection from cold
Wands
 x - a wand of acid (16)
 y - a wand of iceblast (7)
 H - a wand of flame (10)
 M - a wand of charming (5)
 P - a wand of polymorph (6)
Scrolls
 d - 2 scrolls of fear
 e - a scroll of fog
 g - 2 scrolls of teleportation
 j - 9 scrolls of identify
 q - 2 scrolls of vulnerability {unknown}
 r - a scroll of enchant weapon {unknown}
 s - a scroll of noise {unknown}
 t - 4 scrolls of blinking {unknown}
 u - 3 scrolls of silence
 D - 2 scrolls of magic mapping
 K - 2 scrolls of brand weapon {unknown}
 L - 3 scrolls of holy word
 N - a scroll of amnesia {unknown}
 O - a scroll of acquirement {unknown}
Potions
 f - 4 potions of heal wounds {unknown}
 k - 2 potions of degeneration {unknown}
 l - 3 potions of attraction {unknown}
 m - a potion of resistance {unknown}
 o - a potion of lignification {unknown}
 p - 3 potions of flight {unknown}
 v - 3 potions of mutation {unknown}
 A - a potion of haste {unknown}
 B - a potion of cancellation {unknown}
 C - a potion of berserk rage {unknown}
 F - 2 potions of curing {unknown}
 I - a potion of invisibility {unknown}
 J - a potion of might {unknown}


   Skills:
 * Level 7.4 Fighting
 * Level 9.9 Maces & Flails
 * Level 6.8 Armour
 + Level 4.4 Dodging
 * Level 5.5 Stealth
 * Level 4.7 Shields


You had 9 spell levels left.
You didn't know any spells.
Your spell library was empty.

Dungeon Overview and Level Annotations

Branches:
Dungeon (9/15)             Temple (1/1) D:6            Lair (0/6) D:11
Ossuary (visited)
    Orc: D:9-12

Altars:
Dithmenos
Kikubaaqudgha
Vehumet
Zin

Shops:
D:4 [   D:7 :   D:9 ?

Annotations:
D:4 3 runed translucent doors, cyrus's ghost, weakling MiFi


Innate Abilities, Weirdness & Mutations

You are immune to sickness and miasma.
Your stone body is resilient. (AC +7)
You are immune to poison.
You resist negative energy. (rN+)
You are resistant to electric shocks. (rElec)
You are resistant to unholy torment.
You are immune to petrification.


Message History

The boulder beetle bites you!!
Your skin crawls.
You feel strong-willed.
The boulder beetle bites you but does no damage.
A red film seems to cover your vision as you go berserk!
You feel yourself moving faster!
You feel mighty! The boulder beetle bites you!
You hit the boulder beetle but do no damage.
The boulder beetle is lightly wounded.
The boulder beetle closely misses you.
You barely miss the boulder beetle.
The boulder beetle is lightly wounded.
The boulder beetle leaps!
You feel a strong urge to attack something.
You are too injured to fight recklessly!
You are too injured to fight recklessly!
You are too injured to fight recklessly!
You are too injured to fight recklessly!
You are too injured to fight recklessly!
You are too injured to fight recklessly!
You are too injured to fight recklessly!
You are too injured to fight recklessly!
You are too injured to fight recklessly!
You are too injured to fight recklessly!
You are too injured to fight recklessly!
You are too injured to fight recklessly!
You are too injured to fight recklessly!
You are too injured to fight recklessly!
You are too injured to fight recklessly!
You are too injured to fight recklessly!
A lava snake comes into view.
You feel your anger nearly subside.
You are no longer berserk.
You are exhausted.
You feel yourself slow down.
The lava snake hisses angrily.
The boulder beetle bites you. The boulder beetle bites you!!
* * * LOW HITPOINT WARNING * * *
You hit the boulder beetle but do no damage.
Your weapon exudes an aura of protection.
The boulder beetle bites you!
You die...

≈≈..........#
.....§§≈≈≈.........#
....≈≈≈≈≈≈≈........#
##....§§≈≈≈S.........#
##.......≈≈≈..........#
..........≈...........#
........§.............#
.............[..B....##
................@...##
.......8...........##
..................##
.......8.8.......##
................##
.....8.8.......##
.§.≈..........##
..§≈≈.§......##
.§§≈§§......##


You could see a boulder beetle and a lava snake.

Vanquished Creatures
  A troll (D:11)
  A spriggan (D:7)
  A vampire (D:11)
  A wraith (D:11)
  Menkaure (D:5)
  A water moccasin (D:7)
  2 hornet zombies (Ossuary)
  An ice beast (D:7)
  2 orc warriors
  A black bear (D:7)
  A sky beast (D:7)
  A centaur (D:8)
  A phantom (D:6)
  4 bullfrogs
  A scorpion (D:5)
  2 wyvern skeletons
  2 water moccasin zombies (Ossuary)
  A water moccasin skeleton (D:7)
  10 killer bees
  3 howler monkeys
  5 bullfrog zombies (Ossuary)
  9 centaur zombies
  4 orc priests
  3 hounds
  A bullfrog skeleton (D:6)
  A gnoll shaman (D:7)
  3 iguanas
  4 orc wizards
  5 killer bee zombies (Ossuary)
  9 mummies
  A hound skeleton (D:5)
  4 howler monkey zombies
  3 gnolls (D:7)
  12 adders
  2 white imps
  An ufetubus (D:4)
  2 worms
  31 orcs
  5 endoplasms
  2 giant cockroaches
  3 goblins
  4 hobgoblins
  6 jackals
  5 quokkas
  4 ball pythons
  3 bats
  A frilled lizard (D:3)
  8 kobolds
  5 rats
184 creatures vanquished.

Vanquished Creatures (others)
  8 withered plants (Ossuary)
8 creatures vanquished.

Grand Total: 192 creatures vanquished

Notes
Turn   | Place    | Note
-------+----------+-------------------------------------------
     0 | D:1      | Fek the Gargoyle Berserker began the quest for the Orb.
     0 | D:1      | Reached XP level 1. HP: 14/14 MP: 1/1
   223 | D:1      | Reached XP level 2. HP: 19/19 MP: 2/2
   566 | D:1      | Found a faded altar of an unknown god.
  1197 | D:2      | Reached XP level 3. HP: 15/24 MP: 3/3
  1806 | D:2      | Reached XP level 4. HP: 16/29 MP: 2/4
  1969 | D:2      | Reached skill level 4 in Maces & Flails
  2366 | D:3      | Reached ** piety under Trog
  2421 | D:3      | Reached XP level 5. HP: 33/33 MP: 5/5
  3002 | D:4      | Reached skill level 1 in Stealth
  3057 | D:4      | Reached XP level 6. HP: 31/38 MP: 3/6
  3098 | D:4      | Reached skill level 5 in Maces & Flails
  3364 | D:4      | Found Wiunatom's Armour Shop.
  3679 | D:4      | Found a runed translucent gate.
  3679 | D:4      | Found a runed translucent gate.
  3679 | D:4      | Found a runed translucent gate.
  3679 | D:4      | Noticed cyrus's ghost (weakling MiFi)
  4181 | D:5      | Entered Level 5 of the Dungeon
  4436 | D:5      | Noticed Menkaure
  4446 | D:5      | Killed Menkaure
  4447 | D:5      | Reached XP level 7. HP: 44/44 MP: 4/7
  4771 | D:5      | Reached skill level 1 in Shields
  5106 | D:5      | Reached skill level 6 in Maces & Flails
  5612 | D:6      | Reached *** piety under Trog
  6047 | D:6      | Found a staircase to the Ecumenical Temple.
  6081 | D:6      | Reached XP level 8. HP: 34/48 MP: 5/8
  6248 | D:6      | Reached skill level 5 in Armour
  6802 | Temple   | Entered the Ecumenical Temple
  6857 | D:7      | Found a shadowy altar of Dithmenos.
  6875 | D:7      | Found Lixzoesanwa's Book Shop.
  6903 | D:7      | Found a sand-covered staircase.
  6916 | Ossuary  | Entered an ossuary
  6990 | Ossuary  | Reached skill level 5 in Fighting
  7097 | Ossuary  | Reached skill level 7 in Maces & Flails
  7541 | Ossuary  | Reached XP level 9. HP: 35/54 MP: 7/9
  7595 | Ossuary  | Reached skill level 8 in Maces & Flails
  7671 | Ossuary  | Reached **** piety under Trog
  7932 | D:7      | Identified the +2 buckler "Wushelos" {rElec Will++ Str-3
                  | Dex+2}
  8645 | D:8      | Reached skill level 9 in Maces & Flails
  9104 | D:8      | Reached XP level 10. HP: 57/61 MP: 7/10
  9492 | D:8      | Reached skill level 5 in Stealth
  9733 | D:9      | Noticed a two-headed ogre
  9735 | D:9      | Noticed a two-headed ogre
  9772 | D:9      | Found Etungaf's Magic Scroll Boutique.
  9978 | D:9      | You fall into a shaft and drop 2 floors!
 10022 | D:11     | Identified the +3 rapier of Cheese {flame, *Noise Dex+6}
 10092 | D:11     | Found a staircase to the Lair.
 10517 | D:11     | Noticed a boulder beetle
 10543 | D:11     | Slain by a boulder beetle

Illustrated notes

Levels and vault maps discovered:
D:1:      dpeg_arrival_simpleton_b, layout_basic,
          shapermc_ecumenical_altar_flowoftime
D:2:      layout_rooms, serial_bayou_crossing
D:3:      layout_basic, amcnicky_mini_corridor_feature
D:4:      layout_basic, serial_shops, shop, ebering_ghost_rock_garden
D:5:      layout_layer_cave, minmay_fountain_box, uniq_menkaure
D:6:      layout_cave_pods, minmay_temple_entry_large_hall, dk_noncrumbling_2
D:7:      layout_cave_pools, mainiacjoe_overflow_cross_hatched, serial_shops,
          nicolae_shop_stone, gup_ossuary_entry_pyramid, the_hattery
D:8:      layout_loops_ring
D:9:      layout_rooms, serial_shops, kennysheep_little_box,
          hangedman_abyss_or_decor_passed, uniq_psyche
D:11:     layout_big_octagon, dpeg_oklobed_lair, serial_column_ruins,
          column_ruins_hut_pillars, column_ruins_open_tiny_water,
          column_ruins_open_small, column_ruins_open_small,
          column_ruins_open_small, column_ruins_grid_3,
          column_ruins_corridor_straight, grunt_ministairs_13
Temple:   grunt_wide_crystal_templ

Skill      XL: |  1  2  3  4  5  6  7  8  9 10 |
---------------+-------------------------------+-----
Maces & Flails | 4 5 6 7 9 |  9.9
Armour         | 3 4 5 6 |  6.8
Dodging        | 2 3 4 |  4.4
Fighting       | 4 5 6 7 |  7.4
Stealth        | 1 2 3 4 5 |  5.5
Shields        | 1 3 4 |  4.7

Action                   |  1- 3 |  4- 6 |  7- 9 | 10-12 || total
-------------------------+-------+-------+-------+-------++-------
Melee: Mace              |   100 |   228 |   597 |   146 ||  1071
Invok: Berserk           |     1 |     2 |     8 |     3 ||    14
       Trog's Hand       |       |       |     1 |     2 ||     3
  Use: Scroll            |       |       |     8 |       ||     8
 Stab: Distracted        |       |       |     1 |       ||     1
       Sleeping          |       |       |       |     1 ||     1
Armor: Ring mail         |    49 |   152 |   488 |   128 ||   817
Dodge: Dodged            |    68 |   176 |   458 |   100 ||   802
